[Event "FIDE World Rapid-ch Open 2018"]
[White "Paravyan, David"]
[Black "Kazhgaleyev, Murtas"]
[Site "St. Petersburg"]
[Round "5.83"]
[Annotator "RC"]
[Result "1-0"]
[Date "2018.12.26"]
[WhiteElo "2634"]
[BlackElo "2587"]
[PlyCount "111"]
[TimeControl "900+10"]

1. e4 e5 2. Nf3 Nc6 3. Bb5 a6 4. Ba4 Nf6 5. 0-0 Be7 6. d3 d6 7. c3 0-0 8. Nbd2 Re8 9. d4 b5 10. Bc2 Bf8 11. a4 Bb7 12. Re1 exd4 13. cxd4 Nb4 14. Bb1 c5 15. d5 Nd7 16. Nf1 c4 17. Be3 Nc5 18. axb5 axb5 19. Rxa8 Qxa8 20. Bxc5 dxc5 21. Ng3 g6 22. Qd2 Bg7 23. h4 Qa1 24. e5 Qa8 25. d6 Bxf3 26. gxf3 Rxe5 27. d7 Qd8 28. Rxe5 Bxe5 29. Ne4 Bd4 30. Kg2 Nc6 31. Nxc5 Bxc5 32. Qd5 Nd4 33. Qxc5 Qxd7 34. h5 Ne6 35. Qe5 Qc7 36. Qxb5 Nf4+ 37. Kg1 Nxh5 38. Ba2 Qf4 39. Bxc4 Kg7 40. Be2 Qd4 41. Bf1 Nf6 42. b4 Nd5 43. Qd7 Qd1 44. Qg4 h5 45. Qe4 Nf6 46. Qf4 Qd5 47. b5 Qc5 48. Qb8 Nd7 49. Qf4 Nb6 50. Kg2 Nd7 51. Qd2 Nb6 52. Qb2+ Kg8 53. Qf6 Nd5 54. Qe5 f6 55. Qe4 g5 56. Bc4 1-0

[Event "FIDE World Rapid-ch Open 2018"]
[White "Zvjaginsev, Vadim"]
[Black "Apryshko, Gleb"]
[Site "St. Petersburg"]
[Round "5.84"]
[Annotator "RC"]
[Result "1-0"]
[Date "2018.12.26"]
[WhiteElo "2642"]
[BlackElo "2385"]
[PlyCount "80"]
[TimeControl "900+10"]

1. g3 h5 2. Nf3 c5 3. e4 Nc6 4. c3 d5 5. exd5 Qxd5 6. Bg2 Qd3 7. Qe2 Bf5 8. Nh4 Bh7 9. Qxh5 e6 10. Qe2 0-0-0 11. f4 Nf6 12. Qxd3 Bxd3 13. Nf3 Ne4 14. b3 Be7 15. Na3 Bf6 16. Bb2 b5 17. 0-0-0 Nf2 18. Ne1 Be2 19. Bxc6 Nxh1 20. Bxh1 Bxd1 21. Kxd1 Rxh2 22. Bg2 b4 23. Nb1 g5 24. fxg5 Bg7 25. Kc2 Kc7 26. Bc1 a5 27. a4 Kb6 28. d3 Be5 29. Bf4 Bxf4 30. gxf4 Rh4 31. Nd2 Rxf4 32. Be4 Rf2 33. Nef3 Rh8 34. cxb4 cxb4 35. d4 Rc8+ 36. Kd1 Rc3 37. Ke1 Rg2 38. Kf1 Rg4 39. Kf2 Kc7 40. d5 Kd8 1-0

[Event "FIDE World Rapid-ch Open 2018"]
[White "Zubritskiy, Artyom"]
[Black "Yilmaz, Mustafa"]
[Site "St. Petersburg"]
[Round "5.85"]
[Annotator "RC"]
[Result "0-1"]
[Date "2018.12.26"]
[WhiteElo "2442"]
[BlackElo "2636"]
[PlyCount "134"]
[TimeControl "900+10"]

1. d4 Nf6 2. c4 e6 3. g3 c5 4. d5 exd5 5. cxd5 d6 6. Nc3 g6 7. Bg2 Bg7 8. Nf3 0-0 9. 0-0 Re8 10. Nd2 b6 11. a4 Nbd7 12. Nc4 Ne5 13. Na3 Nh5 14. h3 a6 15. Qc2 f5 16. e3 b5 17. Ne2 Bd7 18. Ra2 Rc8 19. f4 Nf7 20. Bd2 c4 21. Qc1 Qb6 22. Nc2 Nf6 23. a5 Qb7 24. Bc3 Ne4 25. Bxg7 Kxg7 26. Nb4 Qa7 27. Bxe4 Rxe4 28. Qc3+ Kg8 29. Nd4 Rce8 30. Kf2 Nd8 31. Re1 Nb7 32. Ra3 Nc5 33. Qd2 Bc8 34. Kg1 Qe7 35. Rc3 Bb7 36. Nf3 h6 37. Nd4 Qf6 38. Kf1 R4e7 39. Ra3 Ne4 40. Qg2 Nc5 41. Qf3 Kh7 42. Re2 Re4 43. Kf2 Qf7 44. Rd2 R4e7 45. Rd1 Ne4+ 46. Kg2 c3 47. bxc3 Nf6 48. c4 bxc4 49. Ndc6 Re4 50. Kg1 Nxd5 51. Nxd5 Bxc6 52. Nc3 Qc7 53. Nxe4 Bxe4 54. Qf2 c3 55. Rc1 c2 56. Qd2 Rc8 57. Rb3 Qc4 58. Rb4 Qc5 59. Rd4 Rc6 60. Kf2 h5 61. h4 Qa3 62. Rb4 Rc7 63. Rb6 d5 64. Ke2 d4 65. Kf2 Rc3 66. Qxd4 Rd3 67. Qf6 Rd2+ 0-1

[Event "FIDE World Rapid-ch Open 2018"]
[White "Pogosyan, Stefan"]
[Black "Vaisser, Anatoli"]
[Site "St. Petersburg"]
[Round "5.87"]
[Annotator "ChessBase"]
[Result "1-0"]
[Date "2018.12.26"]
[WhiteElo "2365"]
[BlackElo "2505"]
[PlyCount "51"]
[TimeControl "900+10"]

1. d4 Nf6 2. c4 c5 3. d5 b5 4. cxb5 a6 5. b6 e6 6. Nc3 Nxd5 7. Nxd5 exd5 8. Qxd5 Nc6 9. Nf3 Rb8 10. e4 Be7 11. Bc4 0-0 12. 0-0 Rxb6 13. Ng5 Qe8 14. b3 Bb7 15. Qf5 Bxg5 16. Bxg5 d6 17. Rfe1 Nd4 18. Qg4 Kh8 19. Rad1 Bc8 20. Qg3 Be6 21. Bd3 Qd7 22. Be3 Nc6 23. Bb1 Nd4 24. Rxd4 cxd4 25. Bxd4 f5 26. exf5 1-0

[Event "FIDE World Rapid-ch Open 2018"]
[White "Nozdrachev, Vladislav"]
[Black "Tsoi, Dmitry"]
[Site "St. Petersburg"]
[Round "5.88"]
[Annotator "ChessBase"]
[Result "1-0"]
[Date "2018.12.26"]
[WhiteElo "2486"]
[BlackElo "2424"]
[PlyCount "71"]
[TimeControl "900+10"]

1. e4 e5 2. Nf3 d6 3. Nc3 Nf6 4. d4 exd4 5. Nxd4 Be7 6. g3 d5 7. e5 Ng4 8. e6 Nf6 9. exf7+ Kxf7 10. Bg2 Re8 11. 0-0 c6 12. Nce2 Nbd7 13. c4 Nb6 14. cxd5 Nbxd5 15. Nf4 Nxf4 16. Bxf4 Bc5 17. Qb3+ Kf8 18. Nf3 Qb6 19. Qc2 Be6 20. Ng5 Bg8 21. Rac1 Be7 22. Bh3 Rad8 23. Ne6+ Bxe6 24. Bxe6 Bd6 25. Be3 Qa5 26. Bc4 Bc5 27. Bg5 Bxf2+ 28. Rxf2 Qxg5 29. Rcf1 Ke7 30. Qb3 Qc5 31. Bf7 Rh8 32. Qe6+ Kf8 33. Bh5 Qxh5 34. Rxf6+ gxf6 35. Qxf6+ Ke8 36. Qe6# 1-0

[Event "FIDE World Rapid-ch Open 2018"]
[White "Guimaraes, Diogo Duarte"]
[Black "Gordievsky, Dmitry"]
[Site "St. Petersburg"]
[Round "5.89"]
[Annotator "RC"]
[Result "0-1"]
[Date "2018.12.26"]
[WhiteElo "2278"]
[BlackElo "2614"]
[PlyCount "80"]
[TimeControl "900+10"]

1. e4 c5 2. Nf3 Nc6 3. d4 cxd4 4. Nxd4 Qb6 5. Nb3 Nf6 6. Be3 Qc7 7. Nc3 e6 8. g3 a6 9. Bg2 h5 10. 0-0 h4 11. Na4 hxg3 12. hxg3 d6 13. Nb6 Rb8 14. a4 Ne5 15. a5 Bd7 16. Nd4 Be7 17. c4 Rd8 18. Qe2 Neg4 19. b4 Nxe3 20. Qxe3 g6 21. Rfc1 Kf8 22. f4 e5 23. Nxd7+ Qxd7 24. Ne2 Kg7 25. Rd1 Qg4 26. Qf3 Rc8 27. Rac1 exf4 28. Nxf4 Qg5 29. Rf1 Rcf8 30. Qc3 Kg8 31. Nh3 Qh6 32. Rce1 Nd7 33. Rf4 Bg5 34. Rf2 Ne5 35. c5 Ng4 36. Rfe2 dxc5 37. Qxc5 Bd2 38. e5 Bxe1 39. Rxe1 Qd2 40. Rf1 Rxh3 0-1

[Event "FIDE World Rapid-ch Open 2018"]
[White "Vlassov, Nikolai"]
[Black "Borisenko, Viacheslav"]
[Site "St. Petersburg"]
[Round "5.90"]
[Annotator "NA"]
[Result "1-0"]
[Date "2018.12.26"]
[WhiteElo "2401"]
[BlackElo "2289"]
[PlyCount "151"]
[TimeControl "900+10"]

1. e4 c5 2. c3 e5 3. Nf3 Nc6 4. Bc4 Qc7 5. 0-0 Nf6 6. d3 Be7 7. Ng5 Nd8 8. Qb3 0-0 9. f4 h6 10. fxe5 hxg5 11. exf6 Bxf6 12. Na3 a6 13. Nc2 d6 14. Ne3 Be6 15. Bd2 b5 16. Bd5 Rb8 17. Rf2 Be5 18. Raf1 Bf4 19. Nf5 c4 20. Qa3 Bxd2 21. Rxd2 Bxf5 22. Rxf5 cxd3 23. Rxd3 g6 24. Rf6 b4 25. cxb4 Kg7 26. Rf2 f6 27. Qc3 Qe7 28. a3 Nf7 29. Bxf7 Rxf7 30. Qc6 g4 31. Rxd6 g3 32. hxg3 Rh8 33. Re6 Qd8 34. Rd6 Qe7 35. Qd5 Rh5 36. Qd4 Re5 37. Re2 Qc7 38. Rd5 Rfe7 39. Rxe5 Rxe5 40. Rd2 Re7 41. Kf2 Qc6 42. Qd5 Qc1 43. g4 Qh1 44. g5 Qh4+ 45. Ke3 fxg5 46. Qd4+ Kh7 47. Kd3 Qg4 48. Kc3 Rxe4 49. Qd7+ Kh6 50. Qxg4 Rxg4 51. a4 Rf4 52. b5 Rxa4 53. b6 Ra5 54. b4 Rb5 55. Rd6 Kh5 56. Kc4 Kh4 57. Rxg6 g4 58. b7 Rxb7 59. Rxa6 Rc7+ 60. Kb3 Rb7 61. Ra2 g3 62. Rb2 Kg4 63. Kc4 Rc7+ 64. Kb3 Rb7 65. Rd2 Kf4 66. Rd3 Re7 67. Rd2 Ke3 68. Rb2 Rb7 69. Kc4 Rc7+ 70. Kd5 Rf7 71. Ke5 Re7+ 72. Kf6 Re8 73. b5 Rf8+ 74. Kg7 Rf2 75. Rb3+ Kf4 76. b6 1-0

[Event "FIDE World Rapid-ch Open 2018"]
[White "Drygalov, Andrey"]
[Black "Dubrovin, Robert"]
[Site "St. Petersburg"]
[Round "5.91"]
[Annotator "ChessBase"]
[Result "1-0"]
[Date "2018.12.26"]
[WhiteElo "2481"]
[BlackElo "2220"]
[PlyCount "89"]
[TimeControl "900+10"]

1. e4 e6 2. d4 d5 3. Nd2 Nf6 4. e5 Nfd7 5. Bd3 c5 6. c3 Nc6 7. Ngf3 g5 8. h3 h5 9. Nf1 Be7 10. Ne3 Rg8 11. g4 h4 12. a3 cxd4 13. cxd4 Qb6 14. Qa4 f6 15. exf6 Bxf6 16. Nc2 e5 17. dxe5 Ndxe5 18. Nxe5 Bxe5 19. 0-0 Bd7 20. Qb5 Qc7 21. Qxd5 0-0-0 22. Qg2 Kb8 23. Be4 Be6 24. Be3 Nd4 25. Nxd4 Bxd4 26. Rac1 Qb6 27. Bxd4 Rxd4 28. b4 Rf8 29. Rc5 Rd2 30. Qh2+ Ka8 31. Qc7 Qxc7 32. Rxc7 Bd5 33. Rd7 Bxe4 34. Rxd2 a6 35. Re1 Bc6 36. Re5 Rf3 37. Re3 Rf4 38. f3 Rc4 39. Kg2 Ka7 40. Rf2 Kb6 41. Re5 Rc3 42. Rxg5 Rxa3 43. Re5 Rd3 44. g5 Rd6 45. Kh2 1-0

[Event "FIDE World Rapid-ch Open 2018"]
[White "Dzhumagaliev, Yan"]
[Black "Danielyan, Vahe"]
[Site "St. Petersburg"]
[Round "5.92"]
[Annotator "NA"]
[Result "1-0"]
[Date "2018.12.26"]
[WhiteElo "2410"]
[BlackElo "2220"]
[PlyCount "121"]
[TimeControl "900+10"]

1. d4 Nf6 2. c4 c5 3. d5 g6 4. Nc3 Bg7 5. g3 0-0 6. Bg2 d6 7. Nf3 e6 8. 0-0 exd5 9. cxd5 Nbd7 10. Bf4 Qe7 11. Re1 Nh5 12. Bg5 f6 13. Bd2 f5 14. Bg5 Bf6 15. Bh6 Bg7 16. Bxg7 Kxg7 17. e3 Ne5 18. a4 Bd7 19. Nd2 Rac8 20. Qc2 Rfe8 21. f4 Ng4 22. Nc4 Qf6 23. Bf3 Nh6 24. Rad1 Nf7 25. Qe2 Kh6 26. e4 fxe4 27. Nxe4 Rxe4 28. Bxe4 Bxa4 29. Rd2 Re8 30. Qf3 Kg7 31. Ne3 Bd7 32. Kg2 b5 33. h3 a5 34. Ng4 Qd8 35. Rde2 Nf6 36. Qc3 b4 37. Qxf6+ Qxf6 38. Nxf6 Kxf6 39. Bd3 Rc8 40. Re7 Rd8 41. g4 a4 42. g5+ Kg7 43. h4 a3 44. bxa3 bxa3 45. Ra1 Kf8 46. Re3 Ra8 47. Bb1 Ra4 48. Kg3 Rd4 49. Rd3 Rb4 50. Rdxa3 Rd4 51. Re3 c4 52. Ra8+ Kg7 53. Ra7 Rd1 54. Rxd7 Rxb1 55. Ree7 c3 56. Rxf7+ Kg8 57. Rg7+ Kf8 58. Rdf7+ Ke8 59. Rc7 Kf8 60. Rxh7 Kg8 61. Rhd7 1-0

[Event "FIDE World Rapid-ch Open 2018"]
[White "Perdomo, Carlos Andres"]
[Black "Belyakov, Bogdan"]
[Site "St. Petersburg"]
[Round "5.93"]
[Annotator "ChessBase"]
[Result "0-1"]
[Date "2018.12.26"]
[WhiteElo "2301"]
[BlackElo "2459"]
[PlyCount "48"]
[TimeControl "900+10"]

1. c4 Nf6 2. Nf3 g6 3. g3 Bg7 4. Bg2 0-0 5. 0-0 c5 6. Nc3 Nc6 7. d4 d6 8. h3 Bd7 9. Be3 Qc8 10. dxc5 Bxh3 11. cxd6 Bxg2 12. Kxg2 Rd8 13. c5 exd6 14. cxd6 Qe6 15. Ng5 Qxd6 16. Qb3 Qe7 17. Bc5 Qe8 18. Nb5 Na5 19. Qb4 Qc6+ 20. e4 b6 21. Be7 Nd5 22. exd5 Rxd5 23. Nxa7 Rxa7 24. Ne4 Rd4 0-1

[Event "FIDE World Rapid-ch Open 2018"]
[White "Gurvich, Vitaly"]
[Black "Zakhartsov, Vladimir"]
[Site "St. Petersburg"]
[Round "5.94"]
[Annotator "ChessBase"]
[Result "1-0"]
[Date "2018.12.26"]
[WhiteElo "2270"]
[BlackElo "2486"]
[PlyCount "119"]
[TimeControl "900+10"]

1. d4 Nf6 2. c4 e6 3. Nf3 b6 4. g3 Ba6 5. b3 Bb4+ 6. Bd2 Be7 7. Bg2 Bb7 8. Nc3 d5 9. 0-0 0-0 10. Bg5 h6 11. Bxf6 Bxf6 12. cxd5 exd5 13. Ne5 Re8 14. f4 c5 15. e3 Na6 16. Rc1 Nc7 17. Qd2 Qd6 18. dxc5 bxc5 19. Ne4 Qe7 20. Nxc5 Bc8 21. Ncd3 Ba6 22. Rfe1 Bxd3 23. Nxd3 Rad8 24. Bf3 Ne6 25. Qb4 Qd7 26. Kg2 Rc8 27. Rxc8 Rxc8 28. Rc1 Rxc1 29. Nxc1 d4 30. e4 Qc7 31. Qc4 Qa5 32. b4 Qa3 33. e5 Qb2+ 34. Kg1 Be7 35. Nd3 Qd2 36. Bd5 Qe3+ 37. Kf1 Kh7 38. Qc2 Kg8 39. Qe2 Qxe2+ 40. Kxe2 Nc7 41. Bc4 Na8 42. Kf3 Bd8 43. Ke4 Bb6 44. a4 a5 45. bxa5 Bxa5 46. Kxd4 Kf8 47. Kc5 Nc7 48. Kc6 Ke7 49. Nc5 Na8 50. Nb3 Bd8 51. a5 g5 52. Kb7 Nc7 53. Nd4 gxf4 54. gxf4 Kd7 55. a6 Nxa6 56. Kxa6 Ke8 57. Kb5 h5 58. h3 Kf8 59. Kc6 Ba5 60. Kd5 1-0

[Event "FIDE World Rapid-ch Open 2018"]
[White "Carlsson, Pontus"]
[Black "Mamatov, Melis"]
[Site "St. Petersburg"]
[Round "5.95"]
[Annotator "ChessBase"]
[Result "1-0"]
[Date "2018.12.26"]
[WhiteElo "2463"]
[BlackElo "2223"]
[PlyCount "130"]
[TimeControl "900+10"]

1. e4 c5 2. Nf3 d6 3. Bb5+ Nc6 4. Bxc6+ bxc6 5. 0-0 Bg4 6. h3 Bh5 7. c3 e6 8. Re1 Be7 9. d3 Nf6 10. Nbd2 0-0 11. Nf1 Nd7 12. Ng3 Bg6 13. Be3 e5 14. d4 cxd4 15. cxd4 Bf6 16. Qd2 Re8 17. dxe5 Bxe5 18. Nxe5 dxe5 19. Rad1 Nb6 20. b3 Qc7 21. Rc1 Rac8 22. Qa5 h5 23. f3 f6 24. Rc3 Qb7 25. Rec1 Red8 26. Kh2 Kh7 27. Qb4 Qa6 28. a4 Rd3 29. Rxd3 Qxd3 30. Qc3 Qd7 31. Rc2 Na8 32. b4 Qb7 33. Qc5 Rc7 34. a5 a6 35. Qd6 Qc8 36. h4 Be8 37. Nf5 Rb7 38. Qf8 Qe6 39. Rd2 Rf7 40. Qc5 Rd7 41. Rxd7 Qxd7 42. Qf8 Qf7 43. Qd6 Nc7 44. Qd8 Qd7 45. Qb8 g6 46. Ng3 Bf7 47. Qf8 Ne6 48. Qa8 Nc7 49. Qb7 Be6 50. Bb6 Nb5 51. Qxa6 Qc8 52. Qxc8 Bxc8 53. Kg1 Ba6 54. Ne2 Kg7 55. Nc1 Nc3 56. Nb3 Na4 57. Kf2 Kf7 58. Bd8 f5 59. g3 Ke6 60. Ke3 Bc4 61. Nd2 Ba6 62. Bc7 c5 63. bxc5 Nxc5 64. Bb6 Nb7 65. f4 exf4+ 1-0

[Event "FIDE World Rapid-ch Open 2018"]
[White "Hirneise, Tobias"]
[Black "Hakobyan, Aram"]
[Site "St. Petersburg"]
[Round "5.96"]
[Annotator "ChessBase"]
[Result "1/2-1/2"]
[Date "2018.12.26"]
[WhiteElo "2464"]
[BlackElo "2545"]
[PlyCount "46"]
[TimeControl "900+10"]

1. e4 c6 2. d4 d5 3. exd5 cxd5 4. c4 Nf6 5. Nc3 Nc6 6. Nf3 Bg4 7. cxd5 Nxd5 8. Qb3 Bxf3 9. gxf3 Nb6 10. Be3 e6 11. 0-0-0 Be7 12. d5 exd5 13. Nxd5 Nxd5 14. Rxd5 Qc7 15. Kb1 0-0 16. Be2 Rad8 17. Rhd1 Rxd5 18. Rxd5 Bf6 19. f4 g6 20. Bf3 Kg7 21. Qd1 Nb4 22. Rc5 Nc6 23. Rd5 Nb4 1/2-1/2

[Event "FIDE World Rapid-ch Open 2018"]
[White "Vishnu Prasanna. V"]
[Black "Abdusattorov, Nodirbek"]
[Site "St. Petersburg"]
[Round "5.97"]
[Annotator "ChessBase"]
[Result "0-1"]
[Date "2018.12.26"]
[WhiteElo "2518"]
[BlackElo "2546"]
[PlyCount "90"]
[TimeControl "900+10"]

1. Nf3 Nf6 2. g3 b6 3. Bg2 Bb7 4. 0-0 e6 5. d3 d5 6. c4 Be7 7. cxd5 exd5 8. Nc3 0-0 9. Nd4 Re8 10. Nf5 Bf8 11. Bg5 h6 12. Bf4 Na6 13. Rc1 c6 14. e4 d4 15. Nb1 c5 16. g4 Nc7 17. Nxd4 Qxd4 18. Bxc7 Qd7 19. Bg3 Nxg4 20. Nc3 Rad8 21. d4 cxd4 22. Nd5 Bxd5 23. exd5 Nf6 24. Qxd4 Bc5 25. Qc4 Qf5 26. b4 Bd6 27. Rfe1 Rxe1+ 28. Rxe1 Qd7 29. a3 Re8 30. Rxe8+ Nxe8 31. f4 Nf6 32. Bf3 Qf5 33. Kg2 h5 34. Qe2 Nxd5 35. Qe8+ Bf8 36. Be4 Nxf4+ 37. Kf2 Qf6 38. Bxf4 Qxf4+ 39. Kg2 g6 40. Bc6 Qd2+ 41. Kg1 Qc1+ 42. Kg2 Qxa3 43. b5 Qb2+ 44. Kh3 Qc3+ 45. Kg2 Kg7 0-1

[Event "FIDE World Rapid-ch Open 2018"]
[White "Al Turky, Fahad A"]
[Black "Masrahi, Abdulrahman A"]
[Site "St. Petersburg"]
[Round "5.98"]
[Annotator "NA"]
[Result "0-1"]
[Date "2018.12.26"]
[WhiteElo "1836"]
[BlackElo "1903"]
[PlyCount "64"]
[TimeControl "900+10"]

1. e4 e5 2. f4 exf4 3. Nf3 g5 4. Bc4 g4 5. Bxf7+ Kxf7 6. Ne5+ Ke8 7. Qxg4 Nf6 8. Qxf4 d6 9. Nf3 Qe7 10. 0-0 Bg7 11. Nc3 Rf8 12. Qh4 Bg4 13. e5 Bxf3 14. Rxf3 dxe5 15. d3 Nbd7 16. Bg5 Qc5+ 17. Be3 Qd6 18. Raf1 c6 19. Bg5 Qd4+ 20. Qxd4 exd4 21. Re1+ Kf7 22. Ne4 Kg8 23. Nd6 Nd5 24. Rg3 Kh8 25. a3 Be5 26. Rxe5 Nxe5 27. b3 Nf7 28. Nxb7 Nxg5 29. Rxg5 Rae8 30. h3 Rg8 31. Rf5 Rxg2+ 32. Kh1 Rxc2 0-1

[Event "FIDE World Rapid-ch Open 2018"]
[White "Rechlis, Gad"]
[Black "Teterev, Vitaly"]
[Site "St. Petersburg"]
[Round "5.99"]
[Annotator "ChessBase"]
[Result "0-1"]
[Date "2018.12.26"]
[WhiteElo "2521"]
[BlackElo "2486"]
[PlyCount "74"]
[TimeControl "900+10"]

1. e4 c5 2. Nc3 d6 3. f4 Nc6 4. Nf3 g6 5. Bb5 Bg7 6. Bxc6+ bxc6 7. 0-0 Nh6 8. d3 0-0 9. Kh1 f6 10. Be3 Rb8 11. Rb1 Ng4 12. Bg1 e5 13. h3 Nh6 14. Bh2 Nf7 15. a3 Be6 16. b4 cxb4 17. axb4 exf4 18. Bxf4 f5 19. Qd2 a5 20. b5 fxe4 21. dxe4 cxb5 22. Nd4 Bc4 23. Nc6 Qe8 24. Nxb8 Bxf1 25. Na6 Bxc3 26. Qe3 b4 27. Rxf1 Qb5 28. Qd3 Qxd3 29. cxd3 Ne5 30. h4 Nxd3 31. g3 b3 32. Nc7 b2 33. Nb5 Be1 34. Na3 Bxg3 35. Rf3 Rxf4 36. Rxg3 Rf1+ 37. Kg2 Ra1 0-1

[Event "FIDE World Rapid-ch Open 2018"]
[White "Fakhrutdinov, Timur"]
[Black "khayat, Abdullah F"]
[Site "St. Petersburg"]
[Round "5.100"]
[Annotator "ChessBase"]
[Result "1-0"]
[Date "2018.12.26"]
[WhiteElo "2481"]
[BlackElo "1723"]
[PlyCount "53"]
[TimeControl "900+10"]

1. e4 d5 2. exd5 Qxd5 3. Nc3 Qa5 4. Bc4 Bf5 5. d3 c6 6. Bd2 Qc7 7. Qf3 e6 8. Nge2 Nf6 9. h3 h6 10. g4 Bh7 11. 0-0-0 Nbd7 12. Qg2 Bd6 13. f4 0-0-0 14. Rhf1 Nb6 15. Bb3 g5 16. fxg5 Nfd5 17. gxh6 Be5 18. d4 Bd6 19. Ne4 Bb4 20. Bxb4 Nxb4 21. Ng5 Rdf8 22. Nf4 N4d5 23. Bxd5 Nxd5 24. Nxh7 Nxf4 25. Qe4 Rxh7 26. Qxh7 Ng6 27. Qxg6 1-0